SAAA
TREMONT DOUBLEDAYS @ SAINT-JÉRÔME AMISH
05/22/2018
 
TOP OF THE 1ST
Tremont Doubledays batting - Pitching for Saint-Jérôme Amish : RHP Christian Patrick
Pitching: RHP Christian Patrick
Batting: RHB Claudio Mendoza 0-0: Ball
1-0: Called Strike
1-1: Fly out, F9 (Flyball, 89D)
Batting: LHB Daniel Clark 0-0: Ground out 4-3 (Groundball, 4)
Batting: RHB Billy Fitzgerald 0-0: Swinging Strike
0-1: Swinging Strike
0-2: Strikes out swinging
Top of the 1st over - 0 run(s), 0 hit(s), 0 error(s), 0 left on base; Tremont 0 - Saint-Jérôme 0
BOTTOM OF THE 1ST
Saint-Jérôme Amish batting - Pitching for Tremont Doubledays : RHP Pedro Castro
Pitching: RHP Pedro Castro
Batting: RHB Tanyu Kimura 0-0: Swinging Strike
0-1: Ball
1-1: Fly out, F5 (Line Drive, 5)
Batting: RHB Jake Hutchinson 0-0: Ball
1-0: Ball
2-0: Ball
3-0: Called Strike
3-1: Foul Ball, location: 2F
3-2: Foul Ball, location: 2F
3-2: Strikes out swinging
Batting: LHB Geoff Tucker 0-0: Swinging Strike
0-1: DOUBLE (Flyball, 8LS)
Batting: RHB Randy García 0-0: Ball
1-0: Hit by Pitch
Batting: RHB Will Thomas 0-0: Called Strike
0-1: Fly out, F8 (Flyball, 8LD)
Bottom of the 1st over - 0 run(s), 1 hit(s), 0 error(s), 2 left on base; Tremont 0 - Saint-Jérôme 0
TOP OF THE 2ND
Tremont Doubledays batting - Pitching for Saint-Jérôme Amish : RHP Christian Patrick
Batting: SHB Todd Hill 0-0: Swinging Strike
0-1: Ball
1-1: SINGLE (Groundball, 4MD)
Batting: RHB Tim Robinson 0-0: Grounds into double play, U4-3 (Groundball, 4M)
Batting: RHB Steve Robinson 0-0: Foul Ball, location: 2F
0-1: Ball
1-1: Ball
2-1: Ball
3-1: Foul Ball, location: 2F
Reached via error on a dropped throw, E3
Batting: RHB Manny Rodríguez 0-0: Ball
Steve Robinson is caught stealing 2nd base
Top of the 2nd over - 0 run(s), 1 hit(s), 1 error(s), 0 left on base; Tremont 0 - Saint-Jérôme 0
BOTTOM OF THE 2ND
Saint-Jérôme Amish batting - Pitching for Tremont Doubledays : RHP Pedro Castro
Batting: SHB Mark Kennedy 0-0: Ball
1-0: Ball
2-0: Foul Ball, location: 2F
2-1: Swinging Strike
2-2: Foul Ball, location: 2F
2-2: Ball
3-2: Base on Balls
Batting: LHB Jon MacIntyre 0-0: SINGLE (Groundball, 25) (infield hit)
Mark Kennedy to second
Batting: RHB Domingo Navarro 0-0: Called Strike
0-1: Reached on error, E5 (Groundball, 56S)
Mark Kennedy to third
Jon MacIntyre to second
Batting: RHB Andrew Weeks 0-0: Ball
1-0: Ball
2-0: Fly out, F3 (Line Drive, 34)
2-0: Fly out, F3 (Line Drive, 34)
Batting: RHB Tanyu Kimura 0-0: Ball
1-0: Foul Ball, location: 2F
1-1: Ball
2-1: Called Strike
2-2: Foul Ball, location: 2F
2-2: Strikes out swinging
Batting: RHB Jake Hutchinson 0-0: Fly out, F9 (Flyball, 9M)
Bottom of the 2nd over - 0 run(s), 1 hit(s), 1 error(s), 3 left on base; Tremont 0 - Saint-Jérôme 0
TOP OF THE 3RD
Tremont Doubledays batting - Pitching for Saint-Jérôme Amish : RHP Christian Patrick
Batting: RHB Manny Rodríguez 0-0: Called Strike
0-1: Swinging Strike
0-2: Ball
1-2: Ground out 4-3 (Groundball, 4)
Batting: RHB Floyd Banks 0-0: Called Strike
0-1: Called Strike
0-2: Strikes out looking
Batting: SHB Ed Garner 0-0: Called Strike
0-1: Foul Ball, location: 2F
0-2: Foul Ball, location: 2F
0-2: Ground out 4-3 (Groundball, 4M)
Top of the 3rd over - 0 run(s), 0 hit(s), 0 error(s), 0 left on base; Tremont 0 - Saint-Jérôme 0
BOTTOM OF THE 3RD
Saint-Jérôme Amish batting - Pitching for Tremont Doubledays : RHP Pedro Castro
Batting: LHB Geoff Tucker 0-0: Ball
1-0: Ball
2-0: Ball
3-0: Called Strike
3-1: Base on Balls
Batting: RHB Randy García 0-0: Fly out, F8 (Flyball, 8LXD)
Batting: RHB Will Thomas 0-0: Ball
1-0: Foul Ball, location: 2F
1-1: Ball
2-1: Called Strike
2-2: Ball
Wild Pitch!
Geoff Tucker to second
3-2: Base on Balls
Batting: SHB Mark Kennedy 0-0: Ball
1-0: Ball
2-0: Ball
3-0: Called Strike
3-1: Fly out, F6 (Line Drive, 56)
Batting: LHB Jon MacIntyre 0-0: Foul Ball, location: 2F
0-1: Foul Ball, location: 2F
0-2: Ground out 1-3 (Groundball, 15)
Bottom of the 3rd over - 0 run(s), 0 hit(s), 0 error(s), 2 left on base; Tremont 0 - Saint-Jérôme 0
TOP OF THE 4TH
Tremont Doubledays batting - Pitching for Saint-Jérôme Amish : RHP Christian Patrick
Batting: RHB Claudio Mendoza 0-0: Foul Ball, location: 2F
0-1: Ball
1-1: Foul Ball, location: 2F
1-2: Ground out 6-3 (Groundball, 6)
Batting: LHB Daniel Clark 0-0: Called Strike
0-1: Swinging Strike
0-2: Ball
1-2: Ball
2-2: Foul Ball, location: 2F
2-2: Ground out U3 (Groundball, 3S)
Batting: RHB Billy Fitzgerald 0-0: Ball
1-0: Fly out, F9 (Flyball, 9LM)
Top of the 4th over - 0 run(s), 0 hit(s), 0 error(s), 0 left on base; Tremont 0 - Saint-Jérôme 0
BOTTOM OF THE 4TH
Saint-Jérôme Amish batting - Pitching for Tremont Doubledays : RHP Pedro Castro
Batting: RHB Domingo Navarro 0-0: Called Strike
0-1: Ball
1-1: Called Strike
1-2: Strikes out swinging
Batting: RHB Andrew Weeks 0-0: Ball
1-0: Foul Ball, location: 2F
1-1: Ball
2-1: Foul Ball, location: 2F
2-2: Ball
3-2: Fly out, F8 (Flyball, 8RS)
Batting: RHB Tanyu Kimura 0-0: Ball
1-0: SINGLE (Flyball, 8LS)
Batting: RHB Jake Hutchinson 0-0: Swinging Strike
0-1: Ground out 4-3 (Groundball, 4)
Bottom of the 4th over - 0 run(s), 1 hit(s), 0 error(s), 1 left on base; Tremont 0 - Saint-Jérôme 0
TOP OF THE 5TH
Tremont Doubledays batting - Pitching for Saint-Jérôme Amish : RHP Christian Patrick
Batting: SHB Todd Hill 0-0: Foul Ball, location: 2F
0-1: Foul Ball, location: 2F
0-2: Ball
1-2: Strikes out looking
Batting: RHB Tim Robinson 0-0: Foul Ball, location: 2F
0-1: Swinging Strike
0-2: Ball
1-2: Ball
2-2: Foul Ball, location: 2F
2-2: Foul Ball, location: 2F
2-2: Foul Ball, location: 2F
2-2: Foul Ball, location: 2F
2-2: Fly out, F9 (Popup, 9S)
Batting: RHB Steve Robinson 0-0: Ground out 4-3 (Groundball, 6M)
Top of the 5th over - 0 run(s), 0 hit(s), 0 error(s), 0 left on base; Tremont 0 - Saint-Jérôme 0
BOTTOM OF THE 5TH
Saint-Jérôme Amish batting - Pitching for Tremont Doubledays : RHP Pedro Castro
Batting: LHB Geoff Tucker 0-0: Called Strike
0-1: Ball
1-1: Foul Ball, location: 2F
1-2: Ball
2-2: Foul Ball, location: 2F
2-2: Ball
3-2: Foul Ball, location: 2F
3-2: Foul Ball, location: 2F
3-2: Fly out, F7 (Flyball, 7M)
Batting: RHB Randy García 0-0: SINGLE (Line Drive, 6D)
Batting: RHB Will Thomas 0-0: Ball
1-0: Swinging Strike
1-1: Grounds into double play, 1-4-3 (Groundball, 13S)
Bottom of the 5th over - 0 run(s), 1 hit(s), 0 error(s), 0 left on base; Tremont 0 - Saint-Jérôme 0
TOP OF THE 6TH
Tremont Doubledays batting - Pitching for Saint-Jérôme Amish : RHP Christian Patrick
Batting: RHB Manny Rodríguez 0-0: Ball
1-0: Called Strike
1-1: Foul Ball, location: 2F
1-2: Ball
2-2: Foul Ball, location: 2F
2-2: Fly out, F8 (Flyball, 8LS)
Batting: RHB Floyd Banks 0-0: Ball
1-0: Ball
2-0: Foul Ball, location: 2F
2-1: Foul Ball, location: 2F
2-2: Ball
3-2: Ground out 6-3 (Groundball, 6)
Batting: SHB Ed Garner 0-0: Foul Ball, location: 2F
0-1: Swinging Strike
0-2: Ball
1-2: TRIPLE (Flyball, 78S)
Batting: RHB Claudio Mendoza 0-0: Called Strike
0-1: Ground out 1-3 (Groundball, 25)
Top of the 6th over - 0 run(s), 1 hit(s), 0 error(s), 1 left on base; Tremont 0 - Saint-Jérôme 0
BOTTOM OF THE 6TH
Saint-Jérôme Amish batting - Pitching for Tremont Doubledays : RHP Pedro Castro
Batting: SHB Mark Kennedy 0-0: Called Strike
0-1: Called Strike
0-2: Ball
1-2: Ball
2-2: SINGLE (Groundball, 56D)
Batting: LHB Jon MacIntyre 0-0: Sac Bunt - play at first, batter OUT! 1-4
Mark Kennedy to second
Batting: RHB Domingo Navarro 0-0: Intentional Walk
Batting: RHB Andrew Weeks 0-0: Called Strike
0-1: Ball
1-1: Foul Ball, location: 2F
1-2: SINGLE (Line Drive, 4MD)
Mark Kennedy to third
Domingo Navarro to second
Batting: RHB Tanyu Kimura 0-0: Ground out 5-3 (Groundball, 5S)
Mark Kennedy scores
Domingo Navarro to third
Andrew Weeks to second
Batting: RHB Jake Hutchinson 0-0: Swinging Strike
0-1: Foul Ball, location: 2F
0-2: Ball
1-2: Foul Ball, location: 2F
1-2: Foul Ball, location: 2F
1-2: Ball
2-2: Foul Ball, location: 2F
2-2: Foul Ball, location: 2F
2-2: Strikes out looking
Bottom of the 6th over - 1 run(s), 2 hit(s), 0 error(s), 2 left on base; Tremont 0 - Saint-Jérôme 1
TOP OF THE 7TH
Tremont Doubledays batting - Pitching for Saint-Jérôme Amish : RHP Christian Patrick
Batting: LHB Daniel Clark 0-0: Foul Ball, location: 2F
0-1: Ball
1-1: Called Strike
1-2: Strikes out swinging
Batting: RHB Billy Fitzgerald 0-0: Ball
1-0: Foul Ball, location: 2F
1-1: Ground out 5-3 (Groundball, 56)
Batting: SHB Todd Hill 0-0: Ball
1-0: Called Strike
1-1: Called Strike
1-2: Strikes out swinging
Top of the 7th over - 0 run(s), 0 hit(s), 0 error(s), 0 left on base; Tremont 0 - Saint-Jérôme 1
BOTTOM OF THE 7TH
Saint-Jérôme Amish batting - Pitching for Tremont Doubledays : RHP Pedro Castro
Batting: LHB Geoff Tucker 0-0: Ball
1-0: Called Strike
1-1: Called Strike
1-2: Foul Ball, location: 2F
1-2: Foul Ball, location: 2F
1-2: Ball
2-2: Foul Ball, location: 2F
2-2: Ball
3-2: Foul Ball, location: 2F
3-2: Foul Ball, location: 2F
3-2: Foul Ball, location: 2F
3-2: Base on Balls
Pitching: RHP Josh Parker
Batting: RHB Randy García 0-0: Called Strike
0-1: Ball
1-1: Ball
2-1: Grounds into double play, 5-4-3 (Groundball, 5)
Batting: RHB Will Thomas 0-0: Ball
1-0: Foul Ball, location: 2F
1-1: Ball
2-1: Hit by Pitch
Batting: SHB Mark Kennedy 0-0: Ball
1-0: SINGLE (Line Drive, 13S)
Will Thomas to second
Batting: LHB Jon MacIntyre 0-0: Foul Ball, location: 2F
0-1: Swinging Strike
0-2: Ground out U3 (Groundball, 3)
Bottom of the 7th over - 0 run(s), 1 hit(s), 0 error(s), 2 left on base; Tremont 0 - Saint-Jérôme 1
TOP OF THE 8TH
Tremont Doubledays batting - Pitching for Saint-Jérôme Amish : RHP Christian Patrick
Batting: RHB Tim Robinson 0-0: Ball
1-0: Ball
2-0: Ball
3-0: Called Strike
3-1: Base on Balls
Pinch Hitting: RHB Roy Clay 0-0: Ball
1-0: Foul Ball, location: 2F
1-1: Foul Ball, location: 2F
1-2: Strikes out looking
Pinch Hitting: LHB Dave Lee 0-0: Ball
1-0: Ball
2-0: Called Strike
2-1: Ball
3-1: Foul Ball, location: 2F
3-2: Strikes out swinging
Pinch Hitting: RHB Chip Teague 0-0: Ball
1-0: Ball
2-0: Ground out 6-3 (Groundball, 6)
Top of the 8th over - 0 run(s), 0 hit(s), 0 error(s), 1 left on base; Tremont 0 - Saint-Jérôme 1
BOTTOM OF THE 8TH
Saint-Jérôme Amish batting - Pitching for Tremont Doubledays : RHP Josh Parker
Now at 1B: Dave Lee
Now at 2B: Chip Teague
Now at 3B: Raúl Catuncan
Batting: RHB Domingo Navarro 0-0: Ball
1-0: Ball
2-0: Called Strike
2-1: Ball
3-1: Foul Ball, location: 2F
3-2: Foul Ball, location: 2F
3-2: Base on Balls
Pinch Hitting: RHB Bartolo Martínez 0-0: Foul Ball, location: 2F
0-1: Foul Ball, location: 2F
0-2: Ball
1-2: Foul Ball, location: 2F
1-2: Ball
2-2: Ball
3-2: Foul Ball, location: 2F
3-2: 2-RUN HOME RUN (Flyball, 7D), Distance : 385 ft
Pitching: LHP Stanley Harris
Batting: RHB Tanyu Kimura 0-0: Fly out, F6 (Popup, 6MD)
Batting: RHB Jake Hutchinson 0-0: Ball
1-0: Ball
2-0: Foul Ball, location: 2F
2-1: Called Strike
2-2: Foul Ball, location: 2F
2-2: Foul Ball, location: 2F
2-2: Ball
3-2: Strikes out swinging
Batting: LHB Geoff Tucker 0-0: Ball
1-0: Ball
2-0: Ball
3-0: Base on Balls
Batting: RHB Randy García 0-0: Ball
1-0: Ground out 5-3 (Groundball, 5)
Bottom of the 8th over - 2 run(s), 1 hit(s), 0 error(s), 1 left on base; Tremont 0 - Saint-Jérôme 3
TOP OF THE 9TH
Tremont Doubledays batting - Pitching for Saint-Jérôme Amish : RHP Christian Patrick
Pitching: RHP Gilberto Soto
Now at 2B: Spencer Curry
Batting: SHB Ed Garner 0-0: Called Strike
0-1: Foul Ball, location: 2F
0-2: Ball
1-2: Ball
2-2: Ground out 1-3 (Groundball, 15)
Batting: RHB Claudio Mendoza 0-0: Called Strike
0-1: Foul Ball, location: 2F
0-2: Ball
1-2: Strikes out swinging
Batting: LHB Daniel Clark 0-0: Ground out U3 (Groundball, 3)
Top of the 9th over - 0 run(s), 0 hit(s), 0 error(s), 0 left on base; Tremont 0 - Saint-Jérôme 3
This league is powered by Out of the Park Baseball, the baseball management simulation game for PC, Mac and Linux
Monday, May 4th, 2015 - OOTP Baseball 15.6 Build 34